 Dungeon Crawl Stone Soup version 0.31.0-11-ge490571c62 (webtiles) character file.

Game seed: 12124451754718296363

842 Arctor the Magician (level 7, -3/36 HPs)
             Began as a Deep Elf Fire Elementalist on Feb 6, 2024.
             Was an Initiate of Gozag.
             Slain by a black bear (6 damage)
             ... on level 5 of the Dungeon.
             The game lasted 00:04:49 (5243 turns).

Arctor the Magician (Deep Elf Fire Elementalist)    Turns: 5243, Time: 00:04:49

Health: -3/36      AC:  3    Str:  4 (5)  XL:     7   Next: 67%
Magic:  1/17       EV: 13    Int: 20 (22) God:    Gozag
Gold:   141        SH:  0    Dex: 12 (15) Spells: 14/17 levels left

rFire   . . .        i - +1 dagger (speed)
rCold   . . .        (no shield)
rNeg    . . .        a - +0 robe
rPois   .            (no helmet)
rElec   .            (no cloak)
rCorr   .            m - +0 pair of gloves
SInv    .            (no boots)
Will    .....        (no amulet)
Stlth   +++          j - ring of wizardry
HPRegen 0.26/turn    (no ring)
MPRegen 0.15/turn

%: wizardry (x1)
@: gold aura
A: no striking features
a: Renounce Religion, Potion Petition, Call Merchant, Bribe Branch


You were on level 5 of the Dungeon.
You worshipped Gozag.
Gozag was aware of your devotion.
You visited 2 branches of the dungeon, and saw 6 of its levels.

You collected 221 gold pieces.
You paid 80 gold pieces to Gozag.

Inventory:

Hand Weapons
 i - a +1 dagger of speed (weapon)
Armour
 a - a +0 robe (worn)
 m - a +0 pair of gloves (worn)
 v - an orb of light
Jewellery
 j - a ring of wizardry (left hand)
 r - a ring of positive energy
 u - a ring of magical power
Wands
 l - a wand of charming (6)
Scrolls
 f - 2 scrolls of identify
 g - 2 scrolls of enchant weapon
 h - a scroll of enchant armour {unknown}
 o - a scroll of fear {unknown}
 p - 2 scrolls of teleportation
 q - a scroll of silence {unknown}
 t - 2 scrolls of torment {unknown}
 w - a scroll of blinking {unknown}
 x - a scroll of immolation {unknown}
 y - a scroll of fog {unknown}
Potions
 b - 2 potions of magic
 c - a potion of degeneration
 d - 2 potions of attraction {unknown}
 e - a potion of lignification {unknown}
 k - 2 potions of haste {unknown}
 n - a potion of berserk rage {unknown}
 s - 2 potions of invisibility {unknown}


   Skills:
 + Level 5.1 Dodging
 + Level 5.4 Stealth
 + Level 5.8 Spellcasting
 + Level 4.3 Conjurations
 + Level 5.3 Fire Magic


You had 14 spell levels left.
You knew the following spells:

 Your Spells              Type           Power      Damage    Failure   Level
a - Foxfire               Conj/Fire      100%       2x1d9     1%          1
b - Scorch                Fire           54%        2d7       1%          2

Your spell library contained the following spells:

 Spells                   Type           Power      Damage    Failure   Level
 Inner Flame              Hex/Fire       16%        N/A       4%          3
 Volatile Blastmotes      Fire/Tloc      32%        2d12      4%          3
 Flame Wave               Conj/Fire      25%        2d8       6%          4


Dungeon Overview and Level Annotations

Branches:
Dungeon (5/15)             Temple (1/1) D:5

Altars:
Cheibriados
Elyvilon
Fedhas
Gozag
Hepliaklqana
Kikubaaqudgha
Makhleb
Qazlal
Trog
Uskayaw
Vehumet
Xom
Yredelemnul
Zin
The Shining One

Shops:
D:1 (   D:3 =


Message History

Flames lash the scorpion.
You kill the scorpion!
You feel sick.
You are no longer poisoned.
Your Dodging skill increases to level 5!
Casting: Scorch (safe; 1% risk of failure)
Confirm with . or Enter, or press ? or * to list all spells.
Flames lash the black bear.
The black bear is almost dead.
The black bear's fire resistance burns away.
The black bear bites you. The black bear closely misses you.
The black bear claws you.
Casting: Scorch (safe; 1% risk of failure)
Confirm with . or Enter, or press ? or * to list all spells.
Flames lash the ice beast.
The ice beast melts!
You kill the ice beast!
The black bear goes berserk!
The hound is distracted by your dazzling golden aura.
You barely miss the black bear.
The black bear is almost dead.
The hound barks!
The black bear bites you.
* * * LOW HITPOINT WARNING * * *
The black bear barely misses you. The black bear claws you.
* * * LOW HITPOINT WARNING * * *
You hit the black bear.
The black bear is almost dead.
The black bear completely misses you. The black bear claws you.
* * * LOW HITPOINT WARNING * * *
The black bear closely misses you.
Unknown command.
Casting: Scorch (safe; 1% risk of failure)
Confirm with . or Enter, or press ? or * to list all spells.
You don't know that spell.
It was a potion of degeneration.
There was something very wrong with that liquid.
You feel weakened.
You feel dopey.
You feel clumsy. The black bear bites you.
You die...
Your body crumbles into a pile of gold.

.....#...## .⌠.#.....#
.....##.## #.#.###.#
....# #.# .#..# #.#
....###.#
.#...##.############
...#............@h$#
.#....#####.######h#####
.##.#.# #.##.....[...# .
#.#.# #>##.8.h8..8.#
#...# ##.##.........#
###.# #..###+##'##+##
#.# #.## .#. #.# #.# .#
.. #####)# #.# .# #..


You could see a black bear (berserk, combustible) and a hound.

Vanquished Creatures
  A hornet (D:5)
  An ice beast (D:5)
  An ogre (D:4)
  Blork the orc (D:4)
  2 scorpions (D:5)
  An orc priest (D:4)
  An orc wizard (D:4)
  An iguana (D:3)
  Robin (D:3)
  A gnoll (D:3)
  7 adders (D:3)
  4 dart slugs
  4 ribbon worms
  10 orcs
  7 endoplasms
  2 giant cockroaches
  16 goblins
  9 hobgoblins
  3 jackals (D:4)
  5 quokkas
  4 ball pythons
  7 bats
  3 frilled lizards
  8 kobolds
  3 rats
103 creatures vanquished.

Vanquished Creatures (others)
  565 foxfires
565 creatures vanquished.

Grand Total: 668 creatures vanquished

Notes
Turn   | Place    | Note
-------+----------+-------------------------------------------
     0 | D:1      | Arctor the Deep Elf Fire Elementalist began the quest for
                  | the Orb.
     0 | D:1      | Reached XP level 1. HP: 10/10 MP: 6/6
   350 | D:1      | Reached XP level 2. HP: 15/15 MP: 0/8
   983 | D:1      | Found Woucyhe's Antique Weapon Shoppe.
  1302 | D:2      | Reached XP level 3. HP: 19/19 MP: 4/9
  1306 | D:2      | Learned a level 2 spell: Scorch
  1884 | D:2      | Found a faded altar of an unknown god.
  2303 | D:3      | Reached XP level 4. HP: 24/24 MP: 0/11
  2708 | D:3      | Noticed Robin
  2821 | D:3      | Killed Robin
  2822 | D:3      | Reached XP level 5. HP: 28/28 MP: 8/13
  3733 | D:3      | Noticed a +0 spear
  3734 | D:3      | Noticed a +0 falchion
  3734 | D:3      | Noticed a +0 spear
  3735 | D:3      | Noticed a +0 short sword
  3735 | D:3      | Noticed a +0 falchion
  3735 | D:3      | Noticed a +0 dagger
  3735 | D:3      | Noticed a +0 dagger
  3736 | D:3      | Noticed a +0 short sword
  3739 | D:3      | Found a hide-covered altar of Uskayaw.
  3852 | D:3      | Found a basalt altar of Yredelemnul.
  3865 | D:3      | Found Sebrir's Jewellery Shoppe.
  3913 | D:3      | Found a blossoming altar of Fedhas.
  4177 | D:4      | Noticed Blork the orc
  4183 | D:4      | Killed Blork the orc
  4184 | D:4      | Reached XP level 6. HP: 32/32 MP: 0/14
  4514 | D:4      | Reached skill level 5 in Spellcasting
  4911 | D:5      | Entered Level 5 of the Dungeon
  4911 | D:5      | Found a staircase to the Ecumenical Temple.
  4934 | Temple   | Entered the Ecumenical Temple
  4961 | Temple   | Became a worshipper of Gozag Ym Sagoz the Greedy
  5076 | D:5      | Noticed a hornet
  5082 | D:5      | Killed a hornet
  5083 | D:5      | Reached skill level 5 in Stealth
  5083 | D:5      | Reached skill level 5 in Fire Magic
  5083 | D:5      | Reached XP level 7. HP: 4/36 MP: 7/17
  5239 | D:5      | Reached skill level 5 in Dodging
  5243 | D:5      | Slain by a black bear

Illustrated notes

Levels and vault maps discovered:
D:1:      saegor_arrival_simple_b, layout_basic, serial_shops, shop,
          moated_statue
D:2:      layout_rooms, shapermc_ecumenical_altar_notcrosses,
          minmay_misc_feat_plants
D:3:      layout_basic, lemuel_doored_altar, lemuel_coloured_pillars_altar,
          nicolae_uskayaw_en_pointe, serial_shops, shop,
          cheibrodos_sewer_entry_bend, minmay_quadrilaterals, uniq_robin
D:4:      layout_basic, uniq_blork_the_orc
D:5:      minmay_chambers_of_threes, layout_loops_ring,
          minmay_temple_entry_sparse_star, hangedman_minor_gate_pass
Temple:   minmay_temple_forest_path

Skill      XL: |  1  2  3  4  5  6  7 |
---------------+----------------------+-----
Stealth        | 3 4 5 |  5.4
Dodging        | 3 4 5 |  5.1
Conjurations   | 2 3 4 |  4.3
Spellcasting   | 4 5 |  5.8
Fire Magic     | 4 5 |  5.3

Action                     |  1- 3 |  4- 6 |  7- 9 || total
---------------------------+-------+-------+-------++-------
  Melee: Unarmed           |     1 |       |       ||     1
         Dagger            |       |    14 |     2 ||    16
   Cast: Foxfire           |   163 |   181 |     5 ||   349
         Scorch            |       |     8 |     7 ||    15
    Use: Scroll            |       |     3 |       ||     3
         Potion            |       |       |     1 ||     1
 Armour: Robe              |     3 |     8 |    12 ||    23
  Dodge: Dodged            |    11 |    19 |     9 ||    39
